 Dungeon Crawl Stone Soup version 0.29-a0-289-g2178c42546 (console) character file.

Game seed: 17074021552733550121

60 Ignak the Grave Robber (level 4, 0/32 HPs)
             Began as a Gnoll Necromancer on Mar 17, 2022.
             Slain by a kobold
             ... wielding a +0 dagger
              (3 damage)
             ... on level 1 of the Dungeon.
             The game lasted 00:03:49 (1991 turns).

Ignak the Grave Robber (Gnoll Necromancer)          Turns: 1991, Time: 00:03:49

Health: 0/32       AC:  5    Str:  8    XL:     4   Next: 6%
Magic:  0/11       EV: 11    Int: 16    God:
Gold:   44         SH:  0    Dex: 12    Spells: 9/13 levels left

rFire   . . .      SeeInvis .   f - +0 club
rCold   . . .      Faith    .   (no shield)
rNeg    . . .      Spirit   .   g - +0 ring mail
rPois   .          Reflect  .   (no helmet)
rElec   .          Harm     .   (no cloak)
rCorr   .          Rampage  .   (no gloves)
Will    .....                   (no boots)
Stlth   ++........              (no amulet)
HPRegen 0.10/turn               (no ring)
MPRegen 0.12/turn               (no ring)

@: very slightly contaminated
A: fangs 1, strong nose, distributed training
a: no special abilities


You were on level 1 of the Dungeon.
You visited 1 branch of the dungeon, and saw 2 of its levels.

You collected 44 gold pieces.

Inventory:

Hand Weapons
 f - a +0 club (weapon)
Armour
 g - a +0 ring mail (worn)
Scrolls
 c - a scroll of enchant armour {unknown}
 d - a scroll of silence {unknown}
 e - 2 scrolls of blinking {unknown}


   Skills:
 + Level 1.0 Fighting
 + Level 1.0 Short Blades
 + Level 1.0 Long Blades
 + Level 1.0 Axes
 + Level 1.0 Maces & Flails
 + Level 1.0 Polearms
 + Level 1.0 Staves
 + Level 1.0 Slings
 + Level 1.0 Bows
 + Level 1.0 Crossbows
 + Level 1.0 Throwing
 + Level 1.0 Armour
 + Level 4.6 Dodging
 + Level 4.2 Stealth
 + Level 1.0 Shields
 + Level 1.0 Unarmed Combat
 + Level 5.0 Spellcasting
 + Level 0.7 Conjurations
 + Level 0.7 Hexes
 + Level 0.7 Summonings
 + Level 7.1 Necromancy
 + Level 0.7 Translocations
 + Level 0.7 Transmutations
 + Level 0.7 Fire Magic
 + Level 0.7 Ice Magic
 + Level 0.7 Air Magic
 + Level 0.7 Earth Magic
 + Level 0.7 Poison Magic
 + Level 1.1 Invocations
 + Level 1.0 Evocations


You had 9 spell levels left.
You knew the following spells:

 Your Spells              Type           Power      Damage    Failure   Level
a - Pain                  Necr           100%       1d9       2%          1
c - Vampiric Draining     Necr           26%        2d7       8%          3

Your spell library contained the following spells:

 Spells                   Type           Power      Damage    Failure   Level
 Animate Skeleton         Necr           52%        N/A       2%          1
 Animate Dead             Necr           13%        N/A       26%         4
 Ensorcelled Hibernation  Hex/Ice        12%        N/A       45%         2
 Agony                    Necr           26%        N/A       56%         5
 Anguish                  Hex/Necr       8%         N/A       67%         4
 Spider Form              Tmut/Pois      6%         N/A       71%         3


Dungeon Overview and Level Annotations

Branches:
Dungeon (2/15)

Altars:

Shops:
D:1 :

Annotations:
D:2 Robin


Innate Abilities, Weirdness & Mutations

You have very sharp teeth.
Your uncanny sense of smell can sniff out nearby items.
Your experience applies equally to all skills.


Message History

The hobgoblin no longer looks unusually strong.
Robin roars a battlecry!
The goblins go into a battle-frenzy!
You hear a shout!
Robin roars a battlecry!
The kobold attacks as you move away! The kobold closely misses you.
There is a stone staircase leading up here.
The kobold barely misses you.
You climb upwards.
There is a stone staircase leading down here.
Casting: Pain (safe; 2% risk of failure)
Confirm with . or Enter, or press ? or * to list all spells.
Aiming: Pain (safe; 2% risk of failure)
Press: ? - help, Shift-Dir - straight line, f - kobold
Aim: a kobold, wielding a +0 dagger (moderately wounded, chance to affect: 93%)
You miscast Pain.
You are very lightly contaminated with residual magic.
Nothing appears to happen.
The kobold closely misses you.
You hit the kobold but do no damage.
The kobold is moderately wounded.
The kobold hits you but does no damage. The kobold hits you with a +0 dagger.
* * * LOW HITPOINT WARNING * * *
You hit the kobold but do no damage. You bite the kobold, but do no damage.
The kobold is moderately wounded.
The kobold barely misses you.
Casting: Pain (safe; 2% risk of failure)
Confirm with . or Enter, or press ? or * to list all spells.
Aiming: Pain (safe; 2% risk of failure)
Press: ? - help, Shift-Dir - straight line, f/p - kobold
Aim: a kobold, wielding a +0 dagger (moderately wounded, chance to affect: 93%)
The kobold writhes in agony.
The kobold hits you but does no damage.
Unknown command.
You barely miss the kobold.
The kobold is heavily wounded.
The kobold barely misses you.
You aren't carrying any potions.
You barely miss the kobold. You bite the kobold, but do no damage.
The kobold is heavily wounded.
The kobold closely misses you. The kobold hits you with a +0 dagger.
You die...

#...#### #...# #.....#.. #
#......# #...######.#...###
###...#### #####...#...##.#...###
##....######............#......##
..................>............##
##......####............#......##
#######.# #####...#...##.....## #
#.# #...########.#### #.# #@..#
#(....# #.# ##K..# #.#.#.# #.#
#...## #.#.#.# #.# #.###
###.#.#.## #.# ###.# #...#.#..#
#######.# ##.#.# ####.#.#.#..#
........# ##.#..# ##.##.#......#
≈≈≈≈≈≈≈≈###.###.####...#.####....
≈≈≈≈≈≈8≈...## ##.........#####)##


You could see a kobold.

Vanquished Creatures
  Natasha (D:2)
  2 bats (D:1)
  4 endoplasms (D:1)
  4 giant cockroaches (D:1)
  8 goblins
  2 hobgoblins (D:1)
  2 quokkas (D:1)
  2 ball pythons (D:1)
  A frilled lizard (D:1)
  A kobold (D:1)
  4 rats (D:1)
31 creatures vanquished.

Notes
Turn   | Place    | Note
-------+----------+-------------------------------------------
     0 | D:1      | Ignak the Gnoll Necromancer began the quest for the Orb.
     0 | D:1      | Reached XP level 1. HP: 13/13 MP: 6/6
   236 | D:1      | Reached XP level 2. HP: 12/19 MP: 1/7
  1006 | D:1      | Found Luigh's Book Shoppe.
  1399 | D:1      | Reached XP level 3. HP: 23/25 MP: 6/9
  1403 | D:1      | Learned a level 3 spell: Vampiric Draining
  1456 | D:1      | Found a faded altar of an unknown god.
  1517 | D:1      | Reached skill level 5 in Spellcasting
  1944 | D:2      | Noticed Robin
  1944 | D:2      | Noticed Natasha
  1953 | D:2      | Killed Natasha
  1954 | D:2      | Reached skill level 1 in Fighting
  1954 | D:2      | Reached skill level 1 in Short Blades
  1954 | D:2      | Reached skill level 1 in Long Blades
  1954 | D:2      | Reached skill level 1 in Axes
  1954 | D:2      | Reached skill level 1 in Maces & Flails
  1954 | D:2      | Reached skill level 1 in Polearms
  1954 | D:2      | Reached skill level 1 in Staves
  1954 | D:2      | Reached skill level 1 in Slings
  1954 | D:2      | Reached skill level 1 in Bows
  1954 | D:2      | Reached skill level 1 in Crossbows
  1954 | D:2      | Reached skill level 1 in Throwing
  1954 | D:2      | Reached skill level 1 in Armour
  1954 | D:2      | Reached skill level 1 in Shields
  1954 | D:2      | Reached skill level 1 in Unarmed Combat
  1954 | D:2      | Reached skill level 1 in Invocations
  1954 | D:2      | Reached skill level 1 in Evocations
  1970 | D:2      | Reached XP level 4. HP: 4/32 MP: 3/11
  1991 | D:1      | Slain by a kobold

Illustrated notes

Levels and vault maps discovered:
D:1:      lightli_arrival_boilingwater, layout_loops_cross,
          shapermc_ecumenical_altar_petra, serial_shops, shop,
          minmay_pentomino_o2
D:2:      layout_basic, serial_shops, shop, nicolae_shop_trees, uniq_robin,
          uniq_natasha

Skill      XL: |  1  2  3 |
---------------+----------+-----
Spellcasting   | 5 |  5.0
Fighting       | 1 |  1.0
Short Blades   | 1 |  1.0
Long Blades    | 1 |  1.0
Axes           | 1 |  1.0
Maces & Flails | 1 |  1.0
Polearms       | 1 |  1.0
Staves         | 1 |  1.0
Slings         | 1 |  1.0
Bows           | 1 |  1.0
Crossbows      | 1 |  1.0
Throwing       | 1 |  1.0
Armour         | 1 |  1.0
Shields        | 1 |  1.0
Unarmed Combat | 1 |  1.0
Invocations    | 1 |  1.1
Evocations     | 1 |  1.0
Dodging        | |  4.6
Stealth        | |  4.2
Conjurations   | |  0.7
Hexes          | |  0.7
Summonings     | |  0.7
Necromancy     | |  7.1
Translocations | |  0.7
Transmutations | |  0.7
Fire Magic     | |  0.7
Ice Magic      | |  0.7
Air Magic      | |  0.7
Earth Magic    | |  0.7
Poison Magic   | |  0.7

Action                   |  1- 3 |  4- 6 || total
-------------------------+-------+-------++-------
Melee: Unarmed           |    11 |       ||    11
       Bite              |     6 |     2 ||     8
       Club              |    29 |     5 ||    34
 Cast: Pain              |    34 |     2 ||    36
       Vampiric Draining |     7 |     1 ||     8
  Use: Potion            |     1 |       ||     1
 Stab: Sleeping          |     4 |       ||     4
Armor: Robe              |     9 |       ||     9
       Ring mail         |    15 |     7 ||    22
Dodge: Dodged            |    39 |     8 ||    47

Table legend: (Time is in decaauts)
 A = Elapsed time spent in this place.
 B = Non-inter-level travel time spent in this place.
 C = Inter-level travel time spent in this place.
 D = Time resting spent in this place.
 E = Time spent auto-exploring this place.
 F = Levels seen in this place.
 G = Mean time per level.
                   A        B        C        D        E       F      G
               +--------+--------+--------+--------+--------+-----+--------+
         Total |   2002 |   1960 |     42 |    756 |    849 |   2 | 1001.0 |
       Dungeon |   2002 |   1960 |     42 |    756 |    849 |   2 | 1001.0 |
               +--------+--------+--------+--------+--------+-----+--------+

Top non-repeatable levels by time:
     D:1: 1943 daAuts
     D:2: 59 daAuts
